[Event "*** MasterClass Titled Tuesday Blitz"]
[Site "Chess.com"]
[Date "2017.10.03"]
[Round "10"]
[White "Superfelix"]
[Black "TregubovP"]
[Result "1/2-1/2"]
[WhiteElo "2332"]
[BlackElo "2517"]
[TimeControl "180+2"]
[EndTime "15:14:26 PDT"]
[Termination "Game drawn by repetition"]

1. e4 c5 2. Nf3 e6 3. g3 d5 4. exd5 exd5 5. Bg2 Qe7+ 6. Qe2 Qxe2+ 7. Kxe2 Nc6 8. c3 Bf5 9. Nh4 Bg4+ 10. f3 Be6 11. f4 Nge7 12. Re1 O-O-O 13. d3 Nf5 14. Nxf5 Bxf5 15. h3 h5 16. Be3 d4 17. Bxc6 bxc6 18. cxd4 cxd4 19. Bf2 Bb4 20. Rc1 Rhe8+ 21. Kf3 Bxd3 22. g4 Be2+ 23. Kg3 d3 24. Rxc6+ Kb7 25. Rc4 a5 26. Nc3 Bxc3 27. bxc3 d2 28. Rb1+ Ka8 29.
Rc7 Rd3+ 30. Kh4 Rde3 31. Bxe3 Rxe3 32. Rc8+ Ka7 33. Rc7+ Ka6 34. Rc6+ Ka7 35. Rc7+ Ka6 36. Rc6+ Ka7 37. Rc7+ Ka6 38. Rc6+ Ka7 39. Rc7+ Ka6 1/2-1/2

[Event "*** MasterClass Titled Tuesday Blitz"]
[Site "Chess.com"]
[Date "2017.10.03"]
[Round "10"]
[White "VladimirBelous"]
[Black "Konavets"]
[Result "0-1"]
[WhiteElo "2653"]
[BlackElo "2795"]
[TimeControl "180+2"]
[EndTime "15:14:45 PDT"]
[Termination "Konavets won by resignation"]

1. Nf3 Nf6 2. c4 d6 3. d4 g6 4. h3 Bg7 5. Nc3 Bf5 6. g4 Bd7 7. e4 c5 8. d5 O-O 9. Be2 Na6 10.
Be3 Nc7 11. g5 Nfe8 12. a4 Na6 13. h4 Nb4 14. h5 e6 15. Kf1 f5 16. hxg6 hxg6 17.
exf5 Rxf5 18. dxe6 Bxe6 19. Ne4 Rxf3 20. Bxf3 Bxc4+ 21. Kg2 Bf7 22. Bf4 c4 23. Bg3 Nd3 24. Nc3 Qxg5 25.
Bxb7 Rb8 26. Qf3 Ne5 27. Qe4 Nf6 28. Qd4 Rxb7 29. Qxd6 Ne8 30. Qc5 Rxb2 31. Ne4 Qf5 32. Nd6 Qf3+ 33. Kg1 Nd3 34. Qxa7 Nxd6 35. Rh2 Ne8 36. Rg2 Rb7 37. Qa8 Bxa1 0-1

[Event "*** MasterClass Titled Tuesday Blitz"]
[Site "Chess.com"]
[Date "2017.10.03"]
[Round "10"]
[White "bancsoo"]
[Black "Sethu0025"]
[Result "0-1"]
[WhiteElo "2565"]
[BlackElo "2646"]
[TimeControl "180+2"]
[EndTime "15:15:02 PDT"]
[Termination "Sethu0025 won by checkmate"]

1. Nf3 d5 2. g3 Nf6 3. Bg2 e6 4. O-O Be7 5. c4 O-O 6. d4 dxc4 7. Qc2 a6 8. a4 c5 9. dxc5 Bxc5 10. Qxc4 b6 11.
Ne5 Ra7 12. Nd3 Bd6 13. Nc3 Bb7 14. Bg5 Bxg2 15. Kxg2 Nbd7 16. Qc6 Qa8 17. Qxa8 Raxa8 18. Rfd1 Rfc8 19. Rac1 Kf8 20. Kf3 h6 21. Bxf6 Nxf6 22. Ne4 Nxe4 23. Kxe4 Ke7 24. g4 g6 25. h4 f5+ 26.
Kf3 Kf6 27. b4 b5 28. a5 Rc4 29. Rxc4 bxc4 30. Nb2 c3 31. Nd3 Rc8 32. gxf5 gxf5 33. Rc1 Rc4 34. h5 e5 35. Ne1 e4+ 36. Kg2 Bxb4 37.
Nc2 Bxa5 38. Ra1 Rc5 39. f4 Ke7 40. Kf2 Kd6 41. Rg1 Rc6 42. Rg8 Kd5 43. Rf8 Kc4 44. Rb8 Bb6+ 45. Ke1 a5 46. Kd1 a4 47. Kc1 Bc5 48. Ra8 Kb3 49. Rb8+ Rb6 50. Rc8 Rb5 51. Na1+ Kc4 52. Nc2 Kb3 53. Na1+ Ka2 54. Nc2 Rb1# 0-1

[Event "*** MasterClass Titled Tuesday Blitz"]
[Site "Chess.com"]
[Date "2017.10.03"]
[Round "10"]
[White "josiwales"]
[Black "Jungle_Jaguar"]
[Result "0-1"]
[WhiteElo "2330"]
[BlackElo "2376"]
[TimeControl "180+2"]
[EndTime "15:15:03 PDT"]
[Termination "Jungle_Jaguar won by resignation"]

1. e4 c5 2. Nc3 a6 3. g3 b5 4. Bg2 Bb7 5. d3 e6 6. f4 Nf6 7. Nh3 Be7 8. O-O d5 9. e5 Nfd7 10. Be3 d4 11. Bxb7 Ra7 12. Be4 dxe3 13. f5 exf5 14.
Rxf5 Qb6 15. Nd5 Qh6 16. Qg4 c4 17. Raf1 Bc5 18. Kh1 Nc6 19. Nf6+ gxf6 20. Bxc6 fxe5 21. Rxe5+ Kd8 22. Bxd7 e2 23. Re1 Bb4 24. c3 Rxd7 25. cxb4 cxd3 26. Qe4 Kc7 27. Rc5+ Kb6 28. Rec1 Rd6 29.
Rc7 Qxc1+ 30. Rxc1 d2 31. Qe3+ Kb7 32. Qe7+ Ka8 33.
Qe4+ Kb8 0-1

[Event "*** MasterClass Titled Tuesday Blitz"]
[Site "Chess.com"]
[Date "2017.10.03"]
[Round "10"]
[White "Rodalquilar"]
[Black "Kawhi_Leonard2"]
[Result "1-0"]
[WhiteElo "2499"]
[BlackElo "2243"]
[TimeControl "180+2"]
[EndTime "15:15:05 PDT"]
[Termination "Rodalquilar won by resignation"]

1. e4 c5 2. Nc3 Nc6 3. Bb5 Nd4 4. Bc4 e6 5. Nge2 Nf6 6. O-O d5 7. exd5 exd5 8. Nxd5 Nxd5 9. Nxd4 cxd4 10. Qh5 Be6 11. Re1 Be7 12. Rxe6 Nf6 13. Qb5+ Qd7 14. Re1 Qxb5 15.
Bxb5+ Kd8 16. d3 Rc8 17. Bc4 b5 18. Bb3 Bb4 19. Re2 Re8 20. Rxe8+ Kxe8 21. a3 Bd6 22. Bd2 Ng4 23. h3 Ne5 24. Re1 Kf8 25. Re4 Nc6 26. g4 a5 27. a4 b4 28. f4 Bc5 29. Bc4 Nb8 30. b3 Nd7 31. Kg2 g6 32. Kf3 f5 33.
Re6 Nb6 34. gxf5 gxf5 35. Rf6+ Kg7 36. Rxf5 Nxc4 37. dxc4 Bb6 38. Rd5 Re8 39. c5 Ba7 40. Rd7+ 1-0

[Event "*** MasterClass Titled Tuesday Blitz"]
[Site "Chess.com"]
[Date "2017.10.03"]
[Round "10"]
[White "TryingToGetBetter94"]
[Black "Daniela_Movileanu"]
[Result "0-1"]
[WhiteElo "2275"]
[BlackElo "2086"]
[TimeControl "180+2"]
[EndTime "15:15:08 PDT"]
[Termination "Daniela_Movileanu won by checkmate"]

1. d4 Nf6 2. c4 g6 3. Nc3 d5 4. cxd5 Nxd5 5. e4 Nxc3 6. bxc3 Bg7 7. Nf3 O-O 8. Be3 c5 9. Rc1 Nc6 10. d5 Ne5 11. Nxe5 Bxe5 12. f4 Bg7 13. Be2 e5 14.
O-O exf4 15. Bxf4 Re8 16. Bf3 Qa5 17. Qd2 c4 18. Rfe1 Bd7 19. e5 Rac8 20. Kh1 b5 21. a3 Qxa3 22. Ra1 Qc5 23. Be3 Qe7 24. Bd4 Bf5 25.
Rxa7 Qh4 26. g3 Qh6 27. Be3 Qh3 28. Bf4 g5 29. Bg2 Qg4 30. Bxg5 Rxe5 31. Rxe5 Bxe5 32. d6 Bxc3 33. Qd5 Be6 34. Qf3 Qd4 35. Rc7 Rxc7 36.
dxc7 Ba5 37. Qa8+ Kg7 38. Bc6 Qd1+ 39. Kg2 Qe2+ 40. Kg1 Bb6+ 41. Kh1 Qf1# 0-1

[Event "*** MasterClass Titled Tuesday Blitz"]
[Site "Chess.com"]
[Date "2017.10.03"]
[Round "10"]
[White "Paralinch"]
[Black "wonderfultime"]
[Result "0-1"]
[WhiteElo "2672"]
[BlackElo "2610"]
[TimeControl "180+2"]
[EndTime "15:15:27 PDT"]
[Termination "wonderfultime won by checkmate"]

1. e4 e6 2. d4 d5 3. exd5 exd5 4. Nf3 Bd6 5. c4 dxc4 6. Bxc4 Nf6 7. O-O O-O 8. h3 c6 9. Nc3 Nbd7 10. Bb3 Nb6 11.
Ne5 Nfd5 12. Ne4 Be7 13. Re1 Be6 14. Nc5 Bxc5 15. dxc5 Nd7 16. Nxd7 Qxd7 17. Bd2 Rfe8 18. Rc1 Rad8 19. Ba5 Rc8 20. Qd4 f6 21. Bc2 Bf7 22. a3 Bg6 23. Bb3 Bf7 24. Qh4 Rxe1+ 25. Rxe1 Re8 26. Rxe8+ Qxe8 27. Qg3 h5 28. Qd6 Kh7 29. Bc4 Qe4 30. b3 Nf4 31. Bf1 Bd5 32. Bd2 Nxg2 33. Qg3 Ne1 34. f4 Nf3+ 35. Kf2 Nxd2 36. Bd3 f5 37. Qg5 Qf3+ 38. Ke1 Qe3+ 39. Kd1 Bxb3+ 40. Kc1 Nc4+ 41. Kb1 Qe1# 0-1

[Event "*** MasterClass Titled Tuesday Blitz"]
[Site "Chess.com"]
[Date "2017.10.03"]
[Round "10"]
[White "toad"]
[Black "dtn70"]
[Result "1-0"]
[WhiteElo "2152"]
[BlackElo "2279"]
[TimeControl "180+2"]
[EndTime "15:15:29 PDT"]
[Termination "toad won by resignation"]

1. d4 d6 2. Nf3 Bg4 3. Nbd2 e6 4.
g3 Nf6 5. Bg2 c6 6. O-O d5 7. c4 Be7 8. Qc2 O-O 9. e4 dxe4 10.
Nxe4 Bf5 11. Nxf6+ Bxf6 12. Qe2 Nd7 13. Rd1 Re8 14.
Ne5 Nf8 15. Be3 Qa5 16. c5 Rad8 17.
Nc4 Qa6 18. Bf3 Be7 19. a3 Nd7 20. b4 Nf6 21. a4 Nd5 22. Bd2 Bc2 23. Re1 Bb3 24.
Ne5 Qxe2 25. Rxe2 Bf6 26. b5 Bxe5 27. Rxe5 Ne7 28. Bc3 Bd5 29. Bxd5 Nxd5 30. Bd2 Nf6 31. Bc3 Rd7 32. Rb1 Nd5 33. Bd2 f6 34. Ree1 Nc7 35. bxc6 bxc6 36. Rb7 Red8 37. Rxa7 e5 38. dxe5 fxe5 39. Ba5 Nb5 40. Rxd7 Rxd7 41. axb5 cxb5 42.
c6 Rd6 43. Rc1 Rd8 44. c7 Rc8 45. Rd1 Kf7 46. Rd8 Rxc7 47. Bxc7 b4 48. Bxe5 Ke6 49. Bb2 1-0

[Event "*** MasterClass Titled Tuesday Blitz"]
[Site "Chess.com"]
[Date "2017.10.03"]
[Round "10"]
[White "nutibara"]
[Black "Bengalas"]
[Result "0-1"]
[WhiteElo "2281"]
[BlackElo "2508"]
[TimeControl "180+2"]
[EndTime "15:15:30 PDT"]
[Termination "Bengalas won by resignation"]

1. e4 c5 2. Nf3 d6 3. d4 cxd4 4. Nxd4 Nf6 5. Nc3 a6 6. Bc4 e6 7. Bb3 Nbd7 8. Bg5 Qa5 9. Bxf6 Nxf6 10. O-O Be7 11. Kh1 Bd7 12. f4 Rc8 13. Qd3 b5 14. a3 Qc7 15. f5 e5 16. Nde2 Bc6 17. Nd5 Bxd5 18. Bxd5 Qxc2 19. Qf3 O-O 20. Ng3 Qxb2 21. Nh5 Qc3 22. Nxf6+ Bxf6 23. Qh5 Rc5 24. Rad1 Qxa3 25.
g4 h6 26. Rf2 Qe3 27. Rdf1 Rxd5 28. exd5 Qe4+ 29. Rf3 Qxd5 30. h4 e4 31. Rg3 e3+ 32.
Kg1 e2 33. Re1 Qd2 34. Rxe2 Qxe2 35. g5 Qxh5 36. gxf6 Qxf5 37. Rxg7+ Kh8 38. Kh2 Qf4+ 0-1

[Event "*** MasterClass Titled Tuesday Blitz"]
[Site "Chess.com"]
[Date "2017.10.03"]
[Round "10"]
[White "tigra"]
[Black "TheFlaminGM"]
[Result "0-1"]
[WhiteElo "2638"]
[BlackElo "2609"]
[TimeControl "180+2"]
[EndTime "15:15:37 PDT"]
[Termination "TheFlaminGM won by checkmate"]

1. e4 d6 2. d4 Nf6 3. Nc3 e5 4. Nf3 Nbd7 5. Bc4 Be7 6. O-O O-O 7. Re1 c6 8. a4 exd4 9. Nxd4 Ne5 10. Bf1 Re8 11.
f4 Ng6 12. Qd3 d5 13. e5 Bc5 14. a5 a6 15. Na4 Ba7 16. Nb6 Bxb6 17. axb6 Qxb6 18.
c3 Ne4 19. b4 Ne7 20. Be3 Qd8 21. c4 Bf5 22. Nxf5 Nxf5 23. cxd5 cxd5 24. Rad1 Qe7 25.
Qxd5 Nc3 26. Qf3 Nxe3 27. Rd6 Nf5 28. Rb6 Rac8 29. Rxb7 Nh4 30. Qxc3 Qxb7 31. Qd4 Rc2 32. Re4 Rc1 33. Kf2 Rec8 34. g4 R8c2+ 35. Kg3 Ng6 36. Bd3 Rd2 37. f5 Rcd1 38. Qd8+ Nf8 39. Re3 Qg2+ 40. Kf4 Rf2+ 41. Kg5 h6+ 42. Kh4 Rf3 43.
Rxf3 Qxf3 44. e6 Rxd3 45. exf7+ Kh7 46. Qxd3 Qxd3 47. g5 Qe4+ 48. Kh5 Qxf5 49. h4 g6# 0-1

[Event "*** MasterClass Titled Tuesday Blitz"]
[Site "Chess.com"]
[Date "2017.10.03"]
[Round "10"]
[White "peteseeger"]
[Black "Gabrielian_Artur"]
[Result "0-1"]
[WhiteElo "2153"]
[BlackElo "2528"]
[TimeControl "180+2"]
[EndTime "15:15:38 PDT"]
[Termination "Gabrielian_Artur won by resignation"]

1. e4 c5 2. Nf3 d6 3. Bb5+ Nd7 4. O-O Nf6 5. Re1 a6 6. Bd3 e5 7. c3 Be7 8. Bc2 O-O 9. d4 b5 10. a4 Bb7 11. Nbd2 cxd4 12. cxd4 Qb6 13. axb5 axb5 14. Rxa8 Bxa8 15. Nf1 Rc8 16. Ng3 g6 17. Bb3 exd4 18. Nxd4 Nc5 19. Bc2 Bf8 20. Bg5 Bg7 21.
b4 Ncd7 22. Bb3 Ne5 23. h3 Rc3 24. Be3 Rd3 25. Qc2 Rxe3 26. Rxe3 Bb7 27. Nf3 Bh6 28. Rc3 Bf4 29. Ne2 Bxe4 30. Qa2 Bxf3 31. Nxf4 Bb7 32. Bxf7+ Nxf7 33. Qe6 Qd4 34. Rc7 Bd5 35. Nxd5 Qxd5 36. Qxf6 h5 37. Kh2 Qe5+ 38. g3 Qxf6 0-1

[Event "*** MasterClass Titled Tuesday Blitz"]
[Site "Chess.com"]
[Date "2017.10.03"]
[Round "10"]
[White "OparinGrigoriy"]
[Black "ZapataCharlesS"]
[Result "1/2-1/2"]
[WhiteElo "2660"]
[BlackElo "2590"]
[TimeControl "180+2"]
[EndTime "15:15:42 PDT"]
[Termination "Game drawn - insufficient material"]

1. e4 e5 2. Nf3 d6 3. d4 exd4 4. Nxd4 Nf6 5. Nc3 Be7 6. g3 d5 7.
e5 Ng4 8. f4 c5 9. Ndb5 a6 10.
Nd6+ Bxd6 11. exd6 Qxd6 12. Qxd5 Qe7+ 13. Qe4 Be6 14. Bg2 Nc6 15. O-O Nf6 16. Qf3 O-O 17. f5 Nd4 18. Qxb7 Qxb7 19. Bxb7 Ra7 20. fxe6 Rxb7 21.
exf7+ Rfxf7 22. Rf2 h6 23. b3 Ng4 24. Rxf7 Rxf7 25.
Bf4 g5 26. h3 gxf4 27. hxg4 fxg3 28. Kg2 Nxc2 29. Rc1 Nd4 30. Ne4 Rf4 31. Nxg3 Rxg4 32.
Rxc5 Ne2 33. Kf3 Rxg3+ 34. Kxe2 Rg2+ 35. Kf3 Rxa2 36. Rc7 Ra3 37. Rb7 Ra5 38. Kg4 Rb5 39. Ra7 Rxb3 40. Rxa6 Kg7 41. Ra4 Rb6 42. Kh4 Rc6 43.
Rg4+ Kh7 44. Rd4 Re6 45. Rd7+ Kg6 46. Rd4 h5 47. Rf4 Re1 48. Kh3 Rh1+ 49. Kg2 Re1 50. Rf1 Re3 51. Rf2 Kg5 52. Rf3 Re2+ 53. Rf2 Re4 54. Kh2 h4 55. Rg2+ Kf4 56. Rf2+ Kg4 57. Rg2+ Kf3 58. Rg1 Re8 59. Kh3 Re4 60. Rf1+ Ke2 61.
Rf8 Ke3 62. Rg8 Kf3 63. Rf8+ Ke3 64. Rg8 Rf4 65. Rg4 Kf3 66. Rxh4 Rxh4+ 67. Kxh4 1/2-1/2

[Event "*** MasterClass Titled Tuesday Blitz"]
[Site "Chess.com"]
[Date "2017.10.03"]
[Round "10"]
[White "AndrewMcStone"]
[Black "WanderingPuppet"]
[Result "0-1"]
[WhiteElo "2088"]
[BlackElo "2327"]
[TimeControl "180+2"]
[EndTime "15:15:43 PDT"]
[Termination "WanderingPuppet won by resignation"]

1. d4 Nf6 2. c4 g6 3. Nc3 Bg7 4. e4 O-O 5. Nge2 c5 6. d5 a6 7. a4 d6 8. Ng3 e6 9. Be2 exd5 10. exd5 h5 11. Bg5 Qa5 12. O-O Nbd7 13. Qd2 Re8 14.
Qf4 Nh7 15. Bh6 Be5 16. Qd2 Ndf6 17. f4 Bd4+ 18. Kh1 h4 19. f5 hxg3 20. fxg6 fxg6 21.
Qd3 Bf5 22. Qxg3 Re5 23. h4 Kh8 24. Bf4 Rg8 25. Bxe5 Bxe5 26. Qf2 Qd8 27. g3 Qe7 28. Rae1 Qg7 29. Bd1 Qh6 30. Ne2 Ne4 31. Qg2 Nhf6 32. Rf3 Ng4 33. Ref1 Ne3 34. Qf2 Nxf1 35. Qxf1 Qh7 36.
Kg2 Qd7 37. Bc2 Bh3+ 0-1

[Event "*** MasterClass Titled Tuesday Blitz"]
[Site "Chess.com"]
[Date "2017.10.03"]
[Round "10"]
[White "joppie2"]
[Black "Hrant_ChessMood"]
[Result "1-0"]
[WhiteElo "2625"]
[BlackElo "2728"]
[TimeControl "180+2"]
[EndTime "15:15:46 PDT"]
[Termination "joppie2 won by resignation"]

1. e4 c6 2. d4 d5 3. e5 Bf5 4. Nf3 e6 5. Be2 Nd7 6. O-O h6 7. Nbd2 Ne7 8. Re1 Qc7 9. c3 g5 10. Nf1 Bg7 11. Ng3 Bg6 12. a4 Nf5 13. Bd3 Nxg3 14. hxg3 Bxd3 15. Qxd3 c5 16. Be3 c4 17. Qc2 a6 18. a5 Nb8 19. b3 cxb3 20. Qxb3 Nc6 21. Bc1 O-O 22. Ba3 Nxa5 23. Qa2 Nc4 24.
Bxf8 Bxf8 25. Nh2 a5 26. Qe2 a4 27. Qh5 Bg7 28. Ng4 Kh7 29. Kh2 a3 30. Rh1 Rh8 31. f4 Qe7 32. Rhf1 Rf8 33. f5 f6 34. exf6 Rxf6 35.
Nxf6+ Qxf6 36. fxe6 Qxe6 37. Rae1 Ne3 38. Kg1 Qe4 39. Qf3 Qxf3 40. Rxf3 Nc2 41. Rc1 a2 42. Rff1 Nxd4 43. cxd4 Bxd4+ 44. Kh2 b6 45. Ra1 Bxa1 46.
Rxa1 Kg6 47. Rxa2 Kf5 48. Kg1 d4 49. Kf2 1-0

[Event "*** MasterClass Titled Tuesday Blitz"]
[Site "Chess.com"]
[Date "2017.10.03"]
[Round "10"]
[White "MaxLeto"]
[Black "Zufi1811"]
[Result "1-0"]
[WhiteElo "2351"]
[BlackElo "2425"]
[TimeControl "180+2"]
[EndTime "15:15:48 PDT"]
[Termination "MaxLeto won by checkmate"]

1. b3 Nf6 2. Bb2 g6 3. e3 Bg7 4. Nf3 O-O 5. Be2 c5 6. O-O d5 7.
d4 Ne4 8. Qc1 cxd4 9. Nxd4 e5 10. Nf3 Nc6 11. Rd1 Qa5 12. a3 Be6 13. b4 Qc7 14. c4 dxc4 15. Bxc4 Bxc4 16. Qxc4 Nd6 17. Qb3 Rad8 18. Nc3 Qe7 19. Rac1 e4 20. Nd5 Qe6 21. Ng5 Qf5 22. Rxc6 Qxg5 23. Rc5 Nf5 24. Bxg7 Kxg7 25. Qc3+ Kh6 26. Qc2 Rfe8 27. Nf4 Rxd1+ 28. Qxd1 Rd8 29. Rd5 Rc8 30. Rd7 Nh4 31. Rxf7 Qg4 32. Qf1 Nf3+ 33. Kh1 Nd2 34. Qe1 Nb3 35. h3 Qg5 36. Kh2 Rc1 37.
Qe2 Qe5 38. Qg4 g5 39. Qh5# 1-0

[Event "*** MasterClass Titled Tuesday Blitz"]
[Site "Chess.com"]
[Date "2017.10.03"]
[Round "10"]
[White "amaidel"]
[Black "Krasimir_Rusev"]
[Result "1-0"]
[WhiteElo "2449"]
[BlackElo "2514"]
[TimeControl "180+2"]
[EndTime "15:15:54 PDT"]
[Termination "amaidel won by checkmate"]

1. e4 d6 2. d4 Nf6 3. Nc3 e5 4.
Nf3 exd4 5. Nxd4 Be7 6. g3 O-O 7. Bg2 c6 8. O-O Re8 9. Re1 a5 10. a4 Na6 11. h3 Nc5 12. g4 g6 13. Nde2 Bf8 14. Ng3 Qb6 15. b3 Bd7 16. Bf4 Rad8 17. Qd2 Bc8 18. Rad1 Qb4 19. Nb1 Qb6 20. Bh6 Be7 21.
Nf5 Bxf5 22. exf5 d5 23. Qd4 Ncd7 24. Qb2 Bc5 25. c4 dxc4 26. g5 Rxe1+ 27. Rxe1 Bd4 28. Qe2 cxb3 29. gxf6 Nxf6 30. Nd2 b2 31. Nc4 b1=Q 32.
Nxb6 Qxb6 33. Kh1 Qb2 34. Qe7 Qb6 35. Rd1 c5 36. Re1 Bxf2 37. Bd5 Kh8 38. Qxf7 Rg8 39. Bg7+ Rxg7 40. Re8+ Nxe8 41. Qxe8+ Rg8 42. Qxg8# 1-0

[Event "*** MasterClass Titled Tuesday Blitz"]
[Site "Chess.com"]
[Date "2017.10.03"]
[Round "10"]
[White "RaphaeI"]
[Black "Margency"]
[Result "1-0"]
[WhiteElo "2452"]
[BlackElo "2509"]
[TimeControl "180+2"]
[EndTime "15:15:55 PDT"]
[Termination "RaphaeI won by resignation"]

1. d4 Nf6 2. c4 g6 3. Nc3 Bg7 4. e4 d6 5. Nf3 O-O 6. Be2 e5 7. Be3 Ng4 8. Bg5 f6 9. Bh4 Nc6 10. d5 Ne7 11. Nd2 Nh6 12. f3 g5 13. Bf2 f5 14. c5 g4 15. fxg4 Nxg4 16. Bxg4 fxg4 17.
O-O Ng6 18. g3 Nh8 19. cxd6 cxd6 20. Nc4 Bh6 21. Qe2 Nf7 22. Be3 Bxe3+ 23. Nxe3 Qg5 24. Rf2 Bd7 25. Raf1 Rac8 26. Nf5 a6 27. a4 h5 28. Nh4 Nh6 29. Ng2 Rxf2 30. Qxf2 Qd8 31. Nh4 Kg7 32. Qe3 Rc4 33. a5 Rb4 34. Rf2 Qe7 35. Qd2 Rd4 36.
Qe3 Qd8 37. Kg2 Qe7 38. Ne2 Rb4 39. Nc3 Qd8 40. Qc1 Rc4 41. Qf1 Qg5 42. Qxc4 Qe3 43. Qc7 1-0

[Event "*** MasterClass Titled Tuesday Blitz"]
[Site "Chess.com"]
[Date "2017.10.03"]
[Round "10"]
[White "Kacparov"]
[Black "chess2matters"]
[Result "1-0"]
[WhiteElo "2609"]
[BlackElo "2339"]
[TimeControl "180+2"]
[EndTime "15:15:59 PDT"]
[Termination "Kacparov won by resignation"]

1. Nf3 d5 2. b4 Nf6 3. Bb2 Bf5 4. e3 e6 5. b5 c5 6. c4 Be7 7. Be2 O-O 8. O-O Nbd7 9. Qb3 Nb6 10. d3 a5 11. a4 Qc7 12. Rd1 Rfd8 13. Nbd2 dxc4 14. dxc4 Ne4 15. Nxe4 Bxe4 16. h3 f6 17. Nd2 Bg6 18. Nf1 Rd7 19. Rxd7 Qxd7 20. Rd1 Qc7 21. Bf3 Rd8 22. Rxd8+ Bxd8 23. Ng3 Nd7 24. Be4 Bf7 25. Qd3 g6 26. Bf3 Be7 27. Ne4 f5 28. Qc3 e5 29.
Ng3 Bf6 30. e4 f4 31. Nf1 Nb6 32. Qxa5 Bxc4 33. Nd2 Be6 34. Bc3 Bd8 35. Qa7 Nc8 36. Qa8 Nb6 37. Qa7 Nc8 38. Qa8 Nb6 39. Qa5 Nc8 40. Qxc7 Bxc7 41. a5 Kf7 42. Be2 Kf6 43. a6 bxa6 44. bxa6 Na7 45. Bc4 Bc8 46. Nb3 Bb6 47.
Kf1 Be6 48. Nd2 Bxc4+ 49. Nxc4 Bc7 50. Ke2 Nb5 51. Kd3 Ke6 52. Kc2 Kd7 53. Kb3 Kc6 54. Nxe5+ Bxe5 55. Bxe5 f3 56. gxf3 Kb6 57. Kc4 Na3+ 58.
Kd5 c4 59. Bb2 Nc2 60. Kxc4 Kxa6 61. f4 Kb7 62. Kd5 Kc7 63. Ke6 Kd8 64. Kf7 Ne1 65. Bd4 Nd3 66. Be3 Nb4 67. Kg7 1-0

[Event "*** MasterClass Titled Tuesday Blitz"]
[Site "Chess.com"]
[Date "2017.10.03"]
[Round "10"]
[White "HanSchut"]
[Black "Bryakin_Mikhail"]
[Result "0-1"]
[WhiteElo "2228"]
[BlackElo "2500"]
[TimeControl "180+2"]
[EndTime "15:16:21 PDT"]
[Termination "Bryakin_Mikhail won on time"]

1. e4 c6 2. d4 d5 3. exd5 cxd5 4. c4 Nf6 5. Nc3 g6 6. cxd5 Nxd5 7. Qb3 Nxc3 8. Bc4 e6 9. bxc3 Bg7 10. Nf3 O-O 11. O-O Nc6 12. Bg5 Bf6 13. Bxf6 Qxf6 14. Be2 b6 15.
Rad1 Bb7 16. c4 Rfd8 17. Qb2 Rd7 18. Ne5 Nxe5 19. dxe5 Qg5 20. g3 Rad8 21. Rxd7 Rxd7 22. Rd1 Rxd1+ 23. Bxd1 Qf5 24. f3 Bxf3 25. Bc2 Qg5 26. Qd4 Kg7 27. Kf2 Bc6 28. h4 Qc1 29. Bd1 h6 30. Be2 Qh1 31. Qf4 Qe4 32. Qf6+ Kg8 33. Qd8+ Kh7 34. Qf6 Qf5+ 35. Qxf5 exf5 36. Ke3 Bd7 37.
Kd4 Be6 38. a4 g5 39. a5 bxa5 40. c5 a4 41. Bc4 a3 42. Bxe6 fxe6 43. Kc3 f4 44.
gxf4 gxf4 45. c6 f3 46. c7 f2 47. c8=Q f1=Q 48. Qd7+ Kh8 49. Qe8+ Kg7 0-1

[Event "*** MasterClass Titled Tuesday Blitz"]
[Site "Chess.com"]
[Date "2017.10.03"]
[Round "10"]
[White "Muisback26"]
[Black "sergiochess83"]
[Result "1-0"]
[WhiteElo "2721"]
[BlackElo "2726"]
[TimeControl "180+2"]
[EndTime "15:16:22 PDT"]
[Termination "Muisback26 won on time"]

1. e4 e5 2. Nf3 Nc6 3. Bc4 Bc5 4. c3 Nf6 5. d3 O-O 6. a4 a5 7. O-O d6 8. Bg5 h6 9. Bh4 Kh8 10. d4 Bb6 11. dxe5 dxe5 12. Qxd8 Nxd8 13. Nbd2 Nc6 14.
Bb5 Nd7 15. Nc4 f6 16. Rfd1 Bc5 17. Nfd2 Ncb8 18. Nb3 b6 19. Nxc5 Nxc5 20. f3 Be6 21. Bf2 Nbd7 22. Ne3 Rac8 23. b4 axb4 24. cxb4 Nb3 25.
Ra3 Nd4 26. Bf1 c5 27. b5 Ra8 28. Bc4 Bxc4 29. Nxc4 Rfb8 30. Kf1 Kg8 31. f4 Kf7 32. Bg3 Ke6 33. h3 Ra7 34. f5+ Ke7 35. Rd2 Rba8 36.
Rda2 Rb8 37. Bf2 h5 38. g4 hxg4 39. hxg4 Rh8 40. Kg2 Raa8 41. Rb2 Rhb8 42. a5 bxa5 43. Nxa5 1-0

[Event "*** MasterClass Titled Tuesday Blitz"]
[Site "Chess.com"]
[Date "2017.10.03"]
[Round "10"]
[White "evgenysharapov"]
[Black "chessdjw"]
[Result "1-0"]
[WhiteElo "2280"]
[BlackElo "2278"]
[TimeControl "180+2"]
[EndTime "15:16:23 PDT"]
[Termination "evgenysharapov won by resignation"]

1. e4 e5 2. Nf3 Nc6 3. Bb5 a6 4. Ba4 Nf6 5. O-O Be7 6. Re1 b5 7. Bb3 d6 8. c3 O-O 9. h3 Nb8 10. d4 Nbd7 11. Nbd2 c5 12. Nf1 Re8 13. Ng3 Bf8 14. Bg5 h6 15. Bd2 exd4 16. cxd4 cxd4 17. Nxd4 Bb7 18. Bc2 Nc5 19. Qf3 Rc8 20. Rac1 d5 21. exd5 Bxd5 22. Rxe8 Qxe8 23. Qf5 Nce4 24. Nxe4 Bxe4 25.
Bxe4 Rxc1+ 26. Bxc1 Qxe4 27. Qxe4 Nxe4 28. Kf1 Bc5 29.
Be3 f6 30. Ke2 Kf7 31. Kd3 Nd6 32. b3 Ba3 33. Nc2 Bb2 34. Nb4 a5 35. Nc6 a4 36.
bxa4 bxa4 37. Kc2 Nc4 38. Bd4 Bxd4 39. Nxd4 Nb6 40. Kc3 Nd5+ 41. Kc4 Nf4 42. Kb4 Nxg2 43. Kxa4 Nf4 44. Kb5 Ke7 45. Kc6 Nxh3 46. a4 Nxf2 47. a5 Nd3 48. Nc2 Ne5+ 49. Kc7 Nd7 50. a6 Nc5 51. a7 Ne6+ 52. Kb6 h5 53. a8=Q 1-0

[Event "*** MasterClass Titled Tuesday Blitz"]
[Site "Chess.com"]
[Date "2017.10.03"]
[Round "10"]
[White "GeorgMeier"]
[Black "ArnaudovP"]
[Result "0-1"]
[WhiteElo "2755"]
[BlackElo "2509"]
[TimeControl "180+2"]
[EndTime "15:16:27 PDT"]
[Termination "ArnaudovP won on time"]

1. Nf3 Nf6 2. g3 d5 3. Bg2 e6 4. O-O c5 5. c4 d4 6. e3 Nc6 7.
exd4 cxd4 8. d3 Bd6 9. Bg5 h6 10. Bxf6 Qxf6 11. Nbd2 Qd8 12. Re1 O-O 13. Nb3 Bc7 14.
Qc2 e5 15. a3 Bd6 16. Nfd2 Bf5 17. c5 Bc7 18. Nc4 Re8 19. Nbd2 a5 20. Rac1 Qd7 21.
Be4 Be6 22. Qb3 f5 23. Bg2 Rab8 24. Qb5 Bd5 25. Nd6 Bxg2 26. Nxe8 Bd5 27. Nxc7 Qxc7 28. f3 Rf8 29. Re2 h5 30. Rce1 f4 31. Kg2 Qf7 32.
Rf2 fxg3 33. hxg3 h4 34. gxh4 Qg6+ 35. Kf1 Na7 36. Qxa5 Qxd3+ 37. Kg1 Nc6 38. Qc7 Qf5 39. Ne4 d3 40. Re3 Nd4 41. Rg2 Ne6 42. Qd7 Bxe4 43. Rxe4 Rd8 44. Rxg7+ Kh8 45. Qe7 d2 46. Kh2 d1=Q 47.
Reg4 Rd2+ 48. Rg2 Rxg2+ 49. Rxg2 Qdxf3 50. Qe8+ Nf8 0-1

[Event "*** MasterClass Titled Tuesday Blitz"]
[Site "Chess.com"]
[Date "2017.10.03"]
[Round "10"]
[White "krzyzan94"]
[Black "eldur16"]
[Result "1-0"]
[WhiteElo "2600"]
[BlackElo "2496"]
[TimeControl "180+2"]
[EndTime "15:16:27 PDT"]
[Termination "krzyzan94 won by resignation"]

1. e4 g6 2. h4 h5 3. d4 d6 4.
Nc3 Bg7 5. Bg5 Nf6 6. e5 Nfd7 7. e6 fxe6 8. Bd3 Nf8 9. Nh3 e5 10. dxe5 Bxe5 11. Qe2 Nc6 12. O-O-O Nd4 13. Qe3 Nf5 14.
Qe4 c6 15. Rhe1 Ne6 16. f4 Nc5 17. Qf3 Bxc3 18. Bxf5 Bxe1 19. Bxg6+ Kd7 20. Rxe1 Kc7 21. Rxe7+ Bd7 22. b4 Qg8 23. Bf7 Qg7 24. bxc5 Qa1+ 25. Kd2 Qd4+ 26. Qd3 Qxc5 27. Be6 Rad8 28. Rg7 Kc8 29.
f5 Bxe6 30. fxe6 Rde8 31. Nf4 Rhf8 32. Qe3 Qa5+ 33. Qc3 Qxa2 34. e7 Rf5 35. Qd3 Qa5+ 36. Qc3 Qb6 37. Qe3 Qa5+ 38. Qc3 Qb6 39. Qh3 Qa5+ 40. Kd1 Kb8 41. Qd3 Qc5 42. Kd2 Rxf4 43. Bxf4 Qf2+ 44. Qe2 Qxf4+ 45. Qe3 Qxe3+ 46. Kxe3 Kc7 47. g4 hxg4 48. h5 Kd7 49. h6 Rh8 50. h7 g3 51.
Kf3 g2 52. Kxg2 Rxh7 53. Rxh7 a5 54. Kf3 a4 55. e8=Q+ Kxe8 56. Rxb7 1-0